 Seeded DCSS version 0.29.1-12-g30fa7ad0bf (webtiles) character file.

Game seed: 8801078753918749808 (custom seed)

1943 valliere the Conjurer (level 8, -3/63 (67) HPs)
             Began as a White Draconian Conjurer on Jan 14, 2023.
             Was a Follower of Vehumet.
             Slain by a wight
             ... wielding a +2 mace
              (8 damage)
             ... on level 6 of the Dungeon.
             The game lasted 00:23:47 (7647 turns).

valliere the Conjurer (White Draconian Conjurer)    Turns: 7647, Time: 00:23:47

HP:   -3/63 (67)    AC:  8    Str: 13    XL:     8   Next: 98%
MP:   13/15         EV: 13    Int: 28    God:    Vehumet [*.....]
Gold: 283           SH:  0    Dex: 11    Spells: 11/16 levels left

rFire   + . .      SeeInvis .   w - +10 rapier "Vuexoed" {elec, *Rage rPois Str+4 Dex+2}
rCold   + . .      Faith    .   (no shield)
rNeg    . . .      Spirit   .   (body armour unavailable)
rPois   +          Reflect  .   (helmet restricted)
rElec   .          Harm     .   s - scarf {repulsion}
rCorr   .          Rampage  .   (no gloves)
Will    .....      Rage     20% d - +1 pair of boots
Stlth   +++.......              u - amulet of the acrobat
HPRegen 0.20/turn               E - +6 ring of intelligence
MPRegen 0.14/turn               D - ring of protection from fire

@: about to teleport, on berserk cooldown, slowed, drained, repel missiles, very
slow
A: breathe frost, AC +6, unfitting armour, cold resistance 1, cold-blooded
a: Breathe Frost, Renounce Religion


You were on level 6 of the Dungeon.
You worshipped Vehumet.
Vehumet was aware of your devotion.
You visited 1 branch of the dungeon, and saw 6 of its levels.
You also visited: Sewer.

You collected 283 gold pieces.

Inventory:

Hand Weapons
 g - a +0 antimagic quarterstaff
 w - the +10 rapier "Vuexoed" (weapon) {elec, *Rage rPois Str+4 Dex+2}
   (You took it off an orc on level 3 of the Dungeon)

   It occasionally discharges a powerful burst of electricity upon striking a
   foe.
   Str:       It affects your strength (+4).
   Dex:       It affects your dexterity (+2).
   rPois:     It protects you from poison.
   *Rage:     It berserks you when you make melee attacks (+20% chance).
 A - the +2 scimitar of Light {drain, rElec rC++ Dex+3 Stlth+}
   (You found it on level 3 of the Dungeon)

   A truly terrible weapon, it drains the life of any living foe it strikes.
   Dex:       It affects your dexterity (+3).
   rC:        It greatly protects you from cold.
   rElec:     It insulates you from electricity.
   Stlth:     It makes you more stealthy.
Missiles
 r - 4 datura-tipped darts
Armour
 d - a +1 pair of boots (worn)
 i - a +0 cloak
 s - a scarf of repulsion (worn)
Jewellery
 o - a ring of flight
 u - an amulet of the acrobat (around neck)
 B - an amulet of faith
 D - a ring of protection from fire (right hand)
 E - a +6 ring of intelligence (left hand)
Scrolls
 b - a scroll of butterflies {unknown}
 f - 2 scrolls of silence
 h - a scroll of blinking {unknown}
 j - 2 scrolls of fear
 k - a scroll of enchant armour {unknown}
 m - 2 scrolls of amnesia {unknown}
 t - 3 scrolls of teleportation
 v - 2 scrolls of poison {unknown}
 y - a scroll of summoning {unknown}
 z - 3 scrolls of identify
 C - a scroll of enchant weapon {unknown}
Potions
 a - a potion of magic
 c - 6 potions of flight
 e - 2 potions of might {unknown}
 l - a potion of heal wounds
 n - a potion of cancellation {unknown}
 p - 4 potions of invisibility
 q - 3 potions of haste {unknown}
 x - 2 potions of curing {unknown}
 F - a potion of attraction {unknown}


   Skills:
 + Level 4.9 Fighting
 + Level 4.7 Short Blades
 + Level 4.5 Dodging
 + Level 5.0 Stealth
 + Level 4.7 Spellcasting
 + Level 6.1 Conjurations


You had 11 spell levels left.
You knew the following spells:

 Your Spells              Type           Power      Damage    Failure   Level
a - Magic Dart            Conj           100%       1d8       1%          1
b - Fulminant Prism       Conj/Hex       11%        3d9       19%         4

Your spell library contained the following spells:

 Spells                   Type           Power      Damage    Failure   Level
 Sandblast                Erth           12%        2d6       7%          1
 Searing Ray              Conj           82%        2d7       1%          2
 Dazzling Flash           Conj/Hex       46%        N/A       6%          3
 Iskenderun's Mystic Bla  Conj/Tloc      23%        2d6       19%         4
 Chain Lightning          Conj/Air       11%        3d15      100%        9
 Fire Storm               Conj/Fire      11%        8d3       100%        9
 Shatter                  Erth           3%         3d7*      100%        9


Dungeon Overview and Level Annotations

Branches:
Dungeon (6/15)              Sewer (visited)
 Temple: D:4-7

Altars:
Elyvilon
Fedhas
Qazlal
Ru
Vehumet

Annotations:
D:6 Grinder


Innate Abilities, Weirdness & Mutations

You can breathe waves of freezing cold which knock back foes.
Your icy white scales are hard. (AC +6)
You cannot fit into any form of body armour.
Your flesh is cold resistant. (rC+)
You are cold-blooded and may be slowed by cold attacks.


Message History

You kill Maggie!
Vehumet accepts your kill.
Your life force feels restored.
Your Stealth skill increases to level 5!
You feel a strong urge to attack something.
You hear a zap.
You hear a grinding noise.
You feel your anger nearly subside.
You are no longer berserk.
You are exhausted.
You feel yourself slow down.
You hear a zap.
You hear a grinding noise.
A black bear comes into view.
The black bear growls angrily.
You hear a zap.
You hear a grinding noise.
The black bear moves out of view.
The wight closely misses you.
You barely miss the wight.
Your tail-slap misses the wight.
The wight hits you with a +2 mace.
You feel drained.
The black bear falls through a shaft!
The shaft crumbles and collapses.
The wight barely misses you.
You hit the wight but do no damage.
Your tail-slap misses the wight.
The wight hits you with a +2 mace. The wight attacks as you move away!
The wight hits you with a +2 mace!
* * * LOW HITPOINT WARNING * * *
You feel drained.
* * * LOW HITPOINT WARNING * * *
The wight closely misses you. Grinder gestures at you.
You suddenly lose the ability to move!
The wight hits you with a +2 mace!
* * * LOW HITPOINT WARNING * * *
You feel drained.
* * * LOW HITPOINT WARNING * * *
Grinder blinks!
The wight barely misses you.
You hear a zap.
Some rock shatters into small pieces.
You can move again.
As you read the scroll of teleportation, it crumbles to dust.
You feel strangely unstable. The wight hits you with a +2 mace!
You die...

.>.........####.#.#.....)....# #.
..#.).####.# #.#.#.##.##.##.###.
..##.#####.####.#.#.#≈.§.....≈##)
..##.# #.÷)).##.#.#...≈.^.≈#^#...
..##.###.###..#.#.#.≈.#≈..≈§^≈.#.
..##.....# #....#.#..≈^§≈.^#...#.
..######.###.##.#.#.^§§.^..^...#.
....####.....###......§.._...§§..
.##........##...@z....§.....^§§#.
.##.#########.####..§#.....#.#§#.
.##.# #># #5≈§.≈^.§###^.. .##.#
#.# #.§≈^#).≈#≈#.<# .##.# #.#
#..§≈.(...≈^#.# .##.#### #.#
#..####...###.# .##.##.## #.#
#..# #......... ........### #.#
#..# #.#..###..
..........###.#####..###.#..##.†.


You could see Grinder and a wight.

Vanquished Creatures
  Maggie (D:6)
  Duvessa (D:5)
  2 water moccasins (D:6)
  2 black bears
  A phantom (D:5)
  Blork the orc (D:4)
  A bullfrog (D:6)
  A necrophage (D:5)
  5 wights (D:6)
  Dowan (D:5)
  A hound (D:5)
  2 orc priests (D:6)
  5 iguanas
  3 orc wizards
  14 adders
  5 river rats
  A white imp (D:6)
  2 ufetubi
  5 worms
  5 dart slugs
  12 orcs
  8 endoplasms
  4 giant cockroaches
  9 goblins
  5 hobgoblins
  6 jackals
  6 quokkas
  11 ball pythons
  13 bats
  8 frilled lizards
  6 kobolds
  6 rats
153 creatures vanquished.

Vanquished Creatures (others)
  A butterfly (D:4)
1 creature vanquished.

Grand Total: 154 creatures vanquished

Notes
Turn   | Place    | Note
-------+----------+-------------------------------------------
     0 | D:1      | valliere the Draconian Conjurer began the quest for the
                  | Orb.
     0 | D:1      | Reached XP level 1. HP: 14/14 MP: 3/3
   475 | D:1      | Reached XP level 2. HP: 22/22 MP: 0/5
   856 | D:1      | Reached skill level 1 in Fighting
  1139 | D:1      | Reached XP level 3. HP: 28/28 MP: 4/6
  1551 | D:2      | Reached skill level 1 in Short Blades
  2648 | D:3      | Identified the +10 rapier "Vuexoed" {elec, *Rage rPois
                  | Str+4 Dex+2}
  2705 | D:3      | Reached XP level 4. HP: 12/35 MP: 1/7
  2753 | D:3      | Found a glowing drain.
  2764 | Sewer    | Entered a sewer
  3143 | Sewer    | Reached XP level 5. HP: 41/41 MP: 1/9
  4218 | D:3      | Identified the +2 scimitar of Light {drain, rElec rC++
                  | Dex+3 Stlth+}
  4738 | D:4      | Found the +1 Delatra's gloves {ID++}
  4744 | D:4      | Found a radiant altar of Vehumet.
  4747 | D:4      | Reached XP level 6. HP: 48/48 MP: 7/10
  4752 | D:4      | Became a worshipper of Vehumet
  4781 | D:4      | Found a blossoming altar of Fedhas.
  5021 | D:4      | Found a white marble altar of Elyvilon.
  5038 | D:4      | Noticed Blork the orc
  5047 | D:4      | Killed Blork the orc
  5157 | D:4      | Noticed a wyvern
  5427 | D:4      | Found a sacrificial altar of Ru.
  5699 | D:5      | Entered Level 5 of the Dungeon
  5896 | D:5      | Reached skill level 5 in Conjurations
  5896 | D:5      | Your scales start taking on an icy white colour.
  5896 | D:5      | Reached XP level 7. HP: 56/56 MP: 4/12
  5896 | D:5      | Gained mutation: Your flesh is cold resistant. (rC+) [White
                  | Draconian growth]
  5921 | D:5      | Noticed Dowan
  5939 | D:5      | Killed Dowan
  6087 | D:5      | Noticed Duvessa
  6094 | D:5      | Killed Duvessa
  6200 | D:5      | Reached * piety under Vehumet
  6200 | D:5      | Offered knowledge of Sandblast by Vehumet.
  6421 | D:5      | You are sucked into a shaft and drop 1 floor!
  6450 | D:6      | Reached XP level 8. HP: 54/66 MP: 9/14
  6639 | D:6      | Found a stormy altar of Qazlal.
  6648 | D:6      | Learned a level 4 spell: Fulminant Prism
  6756 | D:6      | Noticed Grinder
  7117 | D:6      | Noticed Menkaure
  7314 | D:6      | Reached skill level 6 in Conjurations
  7617 | D:6      | Noticed Maggie
  7631 | D:6      | Killed Maggie
  7632 | D:6      | Reached skill level 5 in Stealth
  7644 | D:6      | Paralysed by Grinder for 3 turns
  7647 | D:6      | Slain by a wight

Illustrated notes

Levels and vault maps discovered:
D:1:      scummos_arrival_forest, layout_basic
D:2:      layout_loops_cross
D:3:      layout_loops_ring, lightli_sewer_entry_pipes, minmay_checkerbox
D:4:      layout_loops_ring, nicolae_vehumet_altar_sigil, kennysheep_mini,
          nicolae_elyvilon_peaceful_grove, nicolae_ru_awakened_eye,
          chequers_serial_rivers_large_b, uniq_blork_the_orc
D:5:      layout_loops_ring, uniq_duvessa
D:6:      layout_loops_ring, nicolae_hepliaklqana_hippocampus,
          grunt_qazlal_sundering, minmay_temple_entry_arrows,
          minmay_ogre_servants, uniq_menkaure, uniq_maggie, uniq_grinder

Skill      XL: |  1  2  3  4  5  6  7  8 |
---------------+-------------------------+-----
Stealth        | 2 3 4 5 |  5.0
Dodging        | 2 3 4 |  4.5
Fighting       | 1 2 3 4 |  4.9
Short Blades   | 1 2 3 4 |  4.7
Spellcasting   | 3 4 |  4.7
Conjurations   | 5 6 |  6.1

Action                   |  1- 3 |  4- 6 |  7- 9 || total
-------------------------+-------+-------+-------++-------
Melee: Unarmed           |    65 |       |       ||    65
       Tailslap          |     9 |     3 |     5 ||    17
       Punch             |     1 |       |     2 ||     3
       Rapier            |       |    51 |    73 ||   124
 Cast: Magic Dart        |    98 |   163 |    99 ||   360
 Abil: Breathe Frost     |       |       |     3 ||     3
  Use: Scroll            |       |     7 |     1 ||     8
 Stab: Sleeping          |       |     1 |     1 ||     2
Armor: Skin              |    11 |    33 |    18 ||    62
Dodge: Dodged            |    34 |    51 |    57 ||   142
       Repelled          |       |       |     1 ||     1
